 Dungeon Crawl Stone Soup version 0.31-a0-1626-g5cb510d322 (webtiles) character file.

Game seed: 377544595748377127

1066 seren the Magician (level 8, -3/54 HPs)
             Began as a Djinni Ice Elementalist on Jan 12, 2024.
             Slain by an ice beast (19 damage)
             ... on level 6 of the Dungeon.
             The game lasted 00:23:39 (6394 turns).

seren the Magician (Djinni Ice Elementalist)        Turns: 6394, Time: 00:23:40

Health: -3/54      AC: 10    Str:  7    XL:     8   Next: 52%
Gold:   274        EV: 15    Int: 18    God:
                   SH:  0    Dex: 21

rFire   + + .        a - +0 dagger (vamp)
rCold   x . .        (no shield)
rNeg    . . .        m - +0 robe
rPois   ∞            g - +0 helmet
rElec   .            (no cloak)
rCorr   .            (no gloves)
SInv    .            (boots unavailable)
Will    .....        (no amulet)
Stlth   +++          f - +6 ring of dexterity
HPRegen 0.29/turn    (no ring)
MPRegen 0.00/turn

%: infuse magic (-4 HP)
@: ice-armoured, flying
A: sickness immunity, fire resistance 2, cold vulnerability 1, float, innate
caster, HP casting, extra vitality 1
a: no special abilities


You were on level 6 of the Dungeon.
You visited 1 branch of the dungeon, and saw 6 of its levels.
You also visited: Sewer.

You collected 313 gold pieces.
You spent 39 gold pieces at shops.

Inventory:

Hand Weapons
 a - a +0 vampiric dagger (weapon)
 o - the +2 whip of Watchfulness {flame, rPois Int-5 Dex+4}
   (You found it on level 4 of the Dungeon)

   Int-5:     It affects your intelligence (-5).
   Dex+4:     It affects your dexterity (+4).
   rPois:     It protects you from poison
 v - a +1 dagger of draining
Missiles
 j - 26 stones
Armour
 g - a +0 helmet (worn)
 m - a +0 robe (worn)
 n - a +1 kite shield of protection
Magical Staves
 t - a staff of air
Jewellery
 f - a +6 ring of dexterity (left hand)
Wands
 s - a wand of quicksilver (5)
Scrolls
 d - a scroll of vulnerability {unknown}
 e - 3 scrolls of fog
 i - 2 scrolls of noise
 k - a scroll of blinking {!r}
 l - a scroll of enchant armour
 q - 2 scrolls of silence
 r - 2 scrolls of amnesia {unknown}
 u - a scroll of revelation {unknown}
 w - a scroll of enchant weapon {unknown}
 x - a scroll of teleportation {unknown}
 y - a scroll of acquirement {unknown}
 z - a scroll of poison {unknown}
Potions
 b - 2 potions of heal wounds
 c - a potion of brilliance {unknown}
 h - a potion of ambrosia {unknown}
 p - 2 potions of curing


   Skills:
 + Level 2.0 Fighting
 + Level 5.4 Dodging
 - Level 3.0 Stealth
 + Level 0.0 Shields
 * Level 6.0 Spellcasting
 * Level 6.0 Conjurations
 * Level 6.0 Hexes
   Level 0.0 Charms
 * Level 6.0 Summonings
 * Level 6.0 Necromancy
 * Level 6.0 Translocations
   Level 0.0 Transmutations
 * Level 6.0 Fire Magic
 * Level 6.0 Ice Magic
 * Level 6.0 Air Magic
 * Level 6.0 Earth Magic
 * Level 6.0 Alchemy
 + Level 3.6 Evocations


You knew the following spells:

 Your Spells              Type           Power      Damage    Failure   Level
a - Freeze                Ice            100%       1d10      1%          1
b - Frozen Ramparts       Ice            54%        1d9       3%          3
c - Ozocubu's Armour      Ice            27%        N/A       3%          3
d - Summon Ice Beast      Ice/Summ       27%        N/A       3%          3
e - Slow                  Hex            100%       N/A       1%          1
f - Lesser Beckoning      Tloc           54%        N/A       1%          2
g - Jinxbite              Hex            54%        N/A       1%          2
Your spell library was empty.

Dungeon Overview and Level Annotations

Branches:
Dungeon (6/15)              Sewer (visited)
 Temple: D:4-7

Altars:
Ashenzari
Nemelex Xobeh
Wu Jian
Xom

Shops:
D:5 *

Annotations:
D:3 Terence
D:4 exclusion: bombardier beetle
D:6 exclusion: door


Innate Abilities, Weirdness & Mutations

You are immune to sickness and miasma.
You are immune to poison.
Your flesh is very heat resistant. (rF++)
You are vulnerable to cold. (rC-)
You float through the air rather than walking.
You learn spells naturally, not from books.
Your magical power is your life essence.
You have superior vitality. (+4 MHP)


Message History

The ice beast hits your ice beast but does no damage.
Your ice beast hits the ice beast but does no damage.
Your ice beast disappears in a puff of smoke!
The ice beast hits you. The ice beast freezes you!
You feel a terrible chill!
Casting: Summon Ice Beast (dangerous; 3% risk of failure)
Confirm with . or Enter, or press ? or * to list all spells.
A chill wind blows around you. The ice beast closely misses you.
The ice beast attacks as it pursues you!
The ice beast misses you.
Your ice beast barely misses the ice beast.
The ice beast hits you but does no damage.
Your ice beast hits the ice beast.
Your ice beast freezes the ice beast.
The ice beast completely resists.
The ice beast hits you. The ice beast freezes you!!
You feel a terrible chill!
* * * LOW HITPOINT WARNING * * *
Your ice beast hits the ice beast but does no damage.
Casting: Summon Ice Beast (dangerous; 3% risk of failure)
Confirm with . or Enter, or press ? or * to list all spells.
A film of ice covers your body!
* * * LOW HITPOINT WARNING * * *
The ice beast completely misses you.
Your ice beast hits the ice beast but does no damage.
Aiming: Freeze (safe; 1% risk of failure)
Press: ? - help, Q - select action, (/) - cycle Shift-Dir - straight line, f - ice beast
Aim: an ice beast (heavily wounded, ally target)
You freeze the ice beast but do no damage.
The ice beast completely resists.
* * * LOW HITPOINT WARNING * * *
The ice beast barely misses you.
Your ice beast barely misses the ice beast.
Aiming: Freeze (safe; 1% risk of failure)
Press: ? - help, Q - select action, (/) - cycle Shift-Dir - straight line, f/p - ice beast
Aim: an ice beast (heavily wounded, ally target)
You freeze the ice beast but do no damage.
The ice beast completely resists.
* * * LOW HITPOINT WARNING * * *
The ice beast hits you.
* * * LOW HITPOINT WARNING * * *
The ice beast freezes you!!
You feel a terrible chill!
You die...

+.....#.....#... #....#
#.....#.....#... #....#
#...>.#.....#....#....#
#.....#.....#....#....#
'.....#.....#....'....+
#.....#.....# #....#
#######.....######....#
##.......#+###...YY####
.#.......#...#..@..#
.#.......'.........#
##.......#.........#
#......###########....
#......# #.... #......#
#....+ #......# #....#
#...... ...# ....


You could see an ice beast (ally target) and a friendly ice beast (summoned).

Vanquished Creatures
  A crocodile (Sewer)
  A centaur (D:5)
  A scorpion (D:6)
  A hound (D:5)
  An orc priest (D:5)
  2 iguanas (D:5)
  An orc wizard (D:5)
  Robin (D:2)
  5 adders
  A gnoll (D:5)
  A white imp (D:5)
  A dart slug (D:1)
  3 orcs
  5 bats
  10 endoplasms
  7 giant cockroaches
  13 goblins
  9 hobgoblins
  7 quokkas
  8 ball pythons
  2 frilled lizards (D:1)
  6 kobolds
  8 rats
95 creatures vanquished.

Vanquished Creatures (collateral kills)
  A black bear (D:6)
  An ogre (D:5)
  A bullfrog (D:6)
  A scorpion (D:5)
  An orc priest (D:6)
  A gnoll bouda (D:5)
  An iguana (D:6)
  3 orc wizards (D:6)
  A sleepcap (D:6)
  2 gnolls (D:5)
  A white imp (D:5)
  4 orcs (D:6)
  5 jackals (Sewer)
  2 kobolds (Sewer)
  2 rats (D:6)
27 creatures vanquished.

Vanquished Creatures (others)
  2 orc wizards (D:6)
2 creatures vanquished.

Grand Total: 124 creatures vanquished

Notes
Turn   | Place    | Note
-------+----------+-------------------------------------------
     0 | D:1      | seren the Djinni Ice Elementalist began the quest for the
                  | Orb.
     0 | D:1      | seren set off with the following spells memorised: Freeze,
                  | Frozen Ramparts, Ozocubu's Armour, Summon Ice Beast.
     0 | D:1      | Reached XP level 1. HP: 15/15 MP: 0/0
   147 | D:1      | Reached XP level 2. HP: 20/21 MP: 0/0
   382 | D:1      | Reached XP level 3. HP: 20/25 MP: 0/0
   382 | D:1      | Learned a level 1 spell: Slow
   877 | D:2      | Noticed Robin
  1055 | D:2      | Killed Robin
  1125 | D:2      | Found a shimmering altar of Xom.
  1153 | D:2      | Reached XP level 4. HP: 30/31 MP: 0/0
  1966 | D:2      | Reached skill level 1 in Fighting
  2570 | D:3      | Reached XP level 5. HP: 30/37 MP: 0/0
  2570 | D:3      | Learned a level 2 spell: Lesser Beckoning
  2908 | D:3      | Noticed Terence
  2945 | D:3      | Found a faded altar of an unknown god.
  3295 | D:4      | Identified the +2 whip of Watchfulness {flame, rPois Int-5
                  | Dex+4}
  3743 | D:4      | Found a broken altar of Ashenzari.
  3751 | D:4      | Found a sparkling altar of Nemelex Xobeh.
  3899 | D:5      | Entered Level 5 of the Dungeon
  3960 | D:5      | Reached XP level 6. HP: 42/42 MP: 0/0
  4043 | D:5      | Found Luxtolax's General Store.
  4049 | D:5      | Bought a potion of curing for 39 gold pieces
  4143 | D:5      | Noticed an ogre
  4409 | D:5      | Reached skill level 1 in Evocations
  4841 | D:5      | Reached XP level 7. HP: 49/49 MP: 0/0
  4841 | D:5      | Learned a level 2 spell: Jinxbite
  4974 | D:5      | Reached skill level 5 in Spellcasting
  4974 | D:5      | Reached skill level 5 in Conjurations
  4974 | D:5      | Reached skill level 5 in Hexes
  4974 | D:5      | Reached skill level 5 in Summonings
  4974 | D:5      | Reached skill level 5 in Necromancy
  4974 | D:5      | Reached skill level 5 in Translocations
  4974 | D:5      | Reached skill level 5 in Fire Magic
  4974 | D:5      | Reached skill level 5 in Ice Magic
  4974 | D:5      | Reached skill level 5 in Air Magic
  4974 | D:5      | Reached skill level 5 in Earth Magic
  4974 | D:5      | Reached skill level 5 in Alchemy
  5484 | D:6      | Found an ornate altar of the Wu Jian Council.
  5543 | D:6      | Reached XP level 8. HP: 53/54 MP: 0/0
  5552 | D:6      | Found a glowing drain.
  5561 | Sewer    | Entered a sewer
  5641 | Sewer    | Reached skill level 5 in Dodging
  6394 | D:6      | Slain by an ice beast

Illustrated notes

Levels and vault maps discovered:
D:1:      eino_arrival_cavern_d, layout_basic
D:2:      layout_basic, basic_altar, minmay_tiny_reverse_x, uniq_robin
D:3:      layout_basic, hellmonk_ecumenical_altar_arch_garden,
          roderic_lattice_a, uniq_terence
D:4:      layout_loops_ring, nicolae_overflow_hidden_temple, minitemple
D:5:      layout_loops_ring, serial_shops, shop, nrook_loot_triangle,
          saegor_snake_ambush
D:6:      layout_gridville, nicolae_wu_jian_wuxing_cycle, led_sif_book,
          portal_sewer_entry_b, minivault_23

Skill      XL: |  1  2  3  4  5  6  7  8 |
---------------+-------------------------+-----
Stealth        | 2 3 |  3.0
Dodging        | 3 4 5 |  5.4
Spellcasting   | 4 5 6 |  6.0
Conjurations   | 4 5 6 |  6.0
Hexes          | 4 5 6 |  6.0
Summonings     | 4 5 6 |  6.0
Necromancy     | 4 5 6 |  6.0
Translocations | 4 5 6 |  6.0
Fire Magic     | 4 5 6 |  6.0
Ice Magic      | 4 5 6 |  6.0
Air Magic      | 4 5 6 |  6.0
Earth Magic    | 4 5 6 |  6.0
Alchemy        | 4 5 6 |  6.0
Fighting       | 1 2 |  2.0
Evocations     | 1 2 3 |  3.6

Action                     |  1- 3 |  4- 6 |  7- 9 || total
---------------------------+-------+-------+-------++-------
  Melee: Unarmed           |     2 |       |       ||     2
         Dagger            |       |    59 |     5 ||    64
         Punch             |       |     1 |       ||     1
   Cast: Freeze            |    55 |    70 |     9 ||   134
         Frozen Ramparts   |       |     4 |     1 ||     5
         Lesser Beckoning  |       |     2 |       ||     2
         Ozocubu's Armour  |       |     1 |     2 ||     3
         Summon Ice Beast  |       |       |    15 ||    15
  Evoke: Wand              |       |     2 |       ||     2
    Use: Scroll            |       |     6 |       ||     6
   Stab: Sleeping          |       |     5 |       ||     5
 Armour: Robe              |    20 |    49 |    23 ||    92
  Dodge: Dodged            |    34 |    68 |    17 ||   119

Table legend: (Time is in decaauts)
 A = Elapsed time spent in this place.
 B = Non-inter-level travel time spent in this place.
 C = Inter-level travel time spent in this place.
 D = Time resting spent in this place.
 E = Time spent auto-exploring this place.
 F = Levels seen in this place.
 G = Mean time per level.
                   A        B        C        D        E       F      G
               +--------+--------+--------+--------+--------+-----+--------+
         Total |   6398 |   6199 |    199 |    717 |   3306 |   7 |  914.0 |
       Dungeon |   6259 |   6060 |    199 |    717 |   3293 |   6 | 1043.2 |
         Sewer |    138 |    138 |      0 |      0 |     13 |   1 |  138.0 |
               +--------+--------+--------+--------+--------+-----+--------+

Top non-repeatable levels by time:
     D:2: 1332 daAuts
     D:5: 1320 daAuts
     D:3: 1013 daAuts
     D:1: 947 daAuts
     D:6: 855 daAuts
     D:4: 789 daAuts
   Sewer: 138 daAuts
